Map: Baie du Roi EC

Players

Sorandom - Winner!

  • Race: Protoss Protoss
  • League: Diamond
  • Spawn Location: 11:00

americanets

  • Race: Terran Terran
  • League: Diamond
  • Spawn Location: 5:00

VOD

Have the link to the VOD?

Description

Time

  • Played on: April 4, 2019, 4:23 p.m.
  • Length: 10:15
Show
View Real Time Build Order
Export as new Build Order

Sorandom Protoss - Winner!

Build Orders:  

Get SALT Encoding   

  12  0:01  Probe  
  13  0:14  Probe  
  13  0:16  Pylon  
  14  0:24  Probe  
  15  0:35  Gateway  
  15  0:39  Probe  
  16  0:51  Probe  
  16  0:56  Assimilator  
  17  1:02  Probe  
  17  1:04  Gateway  
  17  1:10  Probe  
  19  1:22  Probe, Cybernetics Core  
  20  1:29  Zealot  
  22  1:35  Probe  
  23  1:54  Pylon  
  23  1:57  Pylon  
  23  2:02  Warp Gate  
  23  2:12  Probe  
  24  2:18  Pylon  
  24  2:21  Probe  
  24  2:28  Stalker  
  24  2:29  Probe  
  27  2:46  Nexus  
  27  2:50  Stalker  
  29  2:54  Probe  
  30  2:59  Assimilator  
  30  3:05  Stalker  
  32  3:13  Forge  
  32  3:21  Gateway  
  32  3:36  Gateway  
  32  3:57  Probe, Stargate  
  32  4:00  Pylon, Stalker  
  35  4:05  Stalker  
  37  4:10  Probe  
  37  4:14  Probe  
  39  4:18  Probe  
  40  4:24  Stalker  
  43  4:31  Probe  
  43  4:33  Protoss Ground Weapons Level 1  
  44  4:38  Probe  
  44  4:43  Probe  
  45  4:50  Probe  
  45  4:52  Pylon  
  46  4:58  Probe, Twilight Council  
  46  5:06  Probe  
  47  5:07  Stalker  
  47  5:09  Stalker  
  47  5:10  Probe  
  53  5:17  Probe  
  53  5:18  Probe  
  54  5:26  Void Ray  
  59  5:37  Probe  
  59  5:42  Assimilator  
  60  5:49  Probe, Assimilator  
  61  5:52  Probe  
  61  5:54  Stalker x3  
  68  6:01  Probe  
  68  6:04  Probe  
  70  6:18  Pylon  
  70  6:28  Pylon  
  70  6:34  Pylon  
  70  6:35  Void Ray  
  70  6:36  Probe  
  70  6:39  Pylon  
  75  6:40  Stalker  
  75  6:43  Pylon  
  75  6:45  Blink, Pylon  
  75  6:47  Pylon  
  77  6:48  Probe, Stalker  
  77  6:49  Stalker  
  82  7:02  Stalker  
  82  7:04  Zealot  
  86  7:10  Probe  
  86  7:11  Protoss Ground Weapons Level 2  
  87  7:22  Probe  
  88  7:34  Stalker  
  90  7:50  Nexus, Void Ray  
  94  7:53  Pylon  
  94  7:56  Pylon  
  94  8:02  Stalker x3  
  94  8:03  Assimilator, Stalker  
  94  8:04  Assimilator  
  94  8:05  Probe  
  103  8:17  Probe  
  104  8:20  Fleet Beacon  
  104  8:23  Probe  
  105  8:35  Probe  
  98  9:27  Stalker x4  
  98  9:31  Void Ray  
  108  9:50  Stalker x3  
  108  9:51  Stalker  
  112  10:00  Pylon  
  112  10:02  Probe x3, Gateway  
  112  10:04  Gateway  
  112  10:06  Gateway  
  115  10:07  Pylon  
  115  10:12  Pylon  
Show
View Real Time Build Order
Export as new Build Order

americanets Terran 

Build Orders:  

Get SALT Encoding   

  12  0:01  SCV  
  13  0:13  Supply Depot  
  13  0:18  SCV  
  14  0:30  SCV  
  15  0:36  Barracks  
  15  0:42  SCV  
  16  0:52  Refinery  
  16  0:54  SCV  
  17  0:58  Refinery  
  17  1:07  SCV  
  18  1:19  SCV  
  19  1:27  Bunker  
  19  1:31  SCV, Marine  
  21  1:46  Orbital Command  
  21  1:55  Factory  
  21  2:02  Supply Depot  
  21  2:06  Marine  
  22  2:13  SCV  
  23  2:24  Engineering Bay  
  23  2:25  SCV  
  24  2:36  Marine  
  25  2:38  SCV  
  25  2:40  Factory Tech Lab  
  26  2:51  Supply Depot  
  26  2:58  Siege Tank  
  26  3:02  Missile Turret  
  29  3:09  SCV  
  30  3:26  Missile Turret  
  30  3:27  Missile Turret  
  30  3:31  Missile Turret  
  30  3:34  Missile Turret  
  30  3:41  Siege Tank  
  33  4:05  Hi-Sec Auto Tracking  
  33  4:06  Missile Turret  
  33  4:15  Siege Tank  
  36  4:33  Command Center  
  36  4:39  Missile Turret  
  36  4:45  SCV  
  37  5:03  Command Center  
  37  5:10  Supply Depot  
  37  5:11  SCV  
  38  5:20  Starport  
  38  5:23  SCV  
  39  5:50  SCV  
  39  5:51  Command Center  
  40  5:57  Supply Depot, SCV  
  40  6:02  SCV  
  42  6:07  Refinery  
  42  6:10  Refinery  
  42  6:14  Fusion Core  
  42  6:15  Starport Tech Lab  
  43  6:18  SCV  
  43  6:21  SCV  
  43  6:25  SCV  
  45  6:29  Missile Turret  
  45  6:33  SCV  
  45  6:39  Orbital Command  
  46  6:40  SCV  
  47  6:52  SCV  
  48  6:54  SCV  
  48  6:56  Refinery  
  49  7:04  SCV  
  49  7:06  Planetary Fortress  
  49  7:07  Refinery  
  50  7:09  SCV  
  50  7:10  SCV  
  52  7:16  SCV  
  52  7:22  Planetary Fortress  
  53  7:23  SCV  
  53  7:29  SCV  
  55  7:35  SCV  
  56  7:37  Battlecruiser  
  62  7:45  Starport  
  62  7:47  Siege Tank  
  65  7:54  Sensor Tower  
  65  7:58  Missile Turret  
  65  8:03  SCV  
  66  8:15  SCV  
  67  8:21  Sensor Tower  
  67  8:23  Armory  
  67  8:27  SCV  
  67  8:32  Starport Tech Lab  
  68  8:39  SCV  
  69  8:44  SCV x2  
  71  8:51  SCV  
  72  9:03  SCV  
  73  9:11  Armory  
  73  9:15  SCV  
  70  9:28  SCV  
Tags
 
Matchup
PvT
Replay Pack
Pack 2
Spawn Locations
Cross Positions
Add a new tag
Caveats
  • Supply blocks, unpowered buildings, or Contaminate may cause inaccurate times.
  • Supply counts are checked every 10 seconds.